 Dungeon Crawl Stone Soup version 0.28-a0-1395-g4f6bc678fa (webtiles) character file.

Game seed: 8745810385902230188

18942 dracfodder the Thaumaturge (level 12, -6/91 HPs)
             Began as a Purple Draconian Ice Elementalist on Jan 1, 2022.
             Was an Initiate of Vehumet.
             Killed from afar by an eleionoma (27 damage)
             ... with a spray of wooden splinters
             ... on level 1 of the Swamp on Jan 4, 2022.
             The game lasted 02:19:23 (18657 turns).

dracfodder the Thaumaturge (DrIE)                  Turns: 18657, Time: 02:19:24

Health: -6/91      AC: 17    Str: 13    XL:     12   Next: 32%
Magic:  25/30      EV: 13    Int: 26    God:    Vehumet [......]
Gold:   543        SH:  0    Dex: 12    Spells: 3/40 levels left

rFire   x . .      SeeInvis .   a - +2 dagger (venom)
rCold   + + .      Faith    .   (no shield)
rNeg    . . .      Spirit   .   (armour unavailable)
rPois   .          Reflect  .   t - +2 hat
rElec   .          Harm     .   j - +2 cloak {Stlth+}
rCorr   .          Rampage  .   r - +2 pair of gloves
Will    +....      Clarity  +   (no boots)
Stlth   ++++......              i - amulet of the acrobat
HPRegen 0.00/turn               s - ring of ice
MPRegen 0.22/turn               p - ring "Riotasto" {Fly rC+ Int+6 Stlth+}

@: flying, inhibited regen
A: breathe power, AC +8, unfitting armour, cold-blooded, clarity, shaggy fur 1,
inhibited regeneration, strong 1
a: Breathe Dispelling Energy, Renounce Religion


You were on level 1 of the Swamp.
You worshipped Vehumet.
Vehumet was noncommittal.
You visited 4 branches of the dungeon, and saw 13 of its levels.

You collected 791 gold pieces.
You spent 248 gold pieces at shops.

Inventory:

Hand Weapons
 a - a +2 dagger of venom (weapon)
 b - a +0 vampiric short sword
Missiles
 d - 42 bolts
 e - 291 stones
 h - 75 arrows
 k - 97 sling bullets
 o - 14 poisoned darts
 v - 7 boomerangs
Armour
 j - a +2 cloak of stealth (worn)
 r - a +2 pair of gloves (worn)
 t - a +2 hat (worn)
Jewellery
 i - an amulet of the acrobat (around neck)
 l - a ring of positive energy
 p - the ring "Riotasto" (right hand) {Fly rC+ Int+6 Stlth+}
   (You found it on level 7 of the Dungeon)

   [ring of intelligence]

   Int:       It affects your intelligence (+6).
   rC:        It protects you from cold.
   Fly:       It grants you flight.
   Stlth:     It makes you more stealthy.
 q - a +6 ring of dexterity
 s - a ring of ice (left hand)
 x - a ring of fire
Wands
 A - a wand of flame (12)
 B - a wand of polymorph (4)
 F - a wand of paralysis (7)
Scrolls
 g - 2 scrolls of magic mapping
 m - 2 scrolls of brand weapon
 n - 2 scrolls of enchant weapon
 u - a scroll of enchant armour
 y - 2 scrolls of teleportation
 D - a scroll of fear {unknown}
 I - a scroll of fog
 J - a scroll of identify
Potions
 c - a potion of haste
 f - 2 potions of cancellation
 w - a potion of magic
 z - 3 potions of curing
 C - a potion of might
 G - a potion of lignification
 H - a potion of invisibility {unknown}
Miscellaneous
 E - a phantom mirror


   Skills:
 + Level 3.9 Fighting
 + Level 4.4 Short Blades
 + Level 1.6 Throwing
 + Level 4.7 Dodging
 + Level 3.5 Stealth
 * Level 14.9 Spellcasting
 + Level 5.0 Conjurations
 + Level 1.3 Hexes
 + Level 1.8 Fire Magic
 * Level 11.9 Ice Magic
 + Level 1.6 Air Magic
 + Level 0.2 Evocations


You had 3 spell levels left.
You knew the following spells:

 Your Spells              Type           Power      Damage    Failure   Level
a - Freeze                Ice            100%       1d11      1%          1
b - Frozen Ramparts       Ice            100%       1d12      1%          3
c - Ozocubu's Armour      Ice            89%        N/A       1%          3
d - Hailstorm             Conj/Ice       77%        3d16      1%          4
e - Ozocubu's Refrigerat  Ice            44%        4d13      17%         7
f - Dazzling Flash        Conj/Hex       72%        N/A       2%          3
g - Static Discharge      Conj/Air       36%        N/A       1%          2
h - Sticky Flame          Conj/Fire      37%        2d6       7%          4
i - Lightning Bolt        Conj/Air       18%        1d32      19%         5
j - Metabolic Englaciati  Hex/Ice        34%        N/A       4%          5

Your spell library contained the following spells:

 Spells                   Type           Power      Damage    Failure   Level
 Summon Small Mammal      Summ           76%        N/A       2%          1
 Summon Guardian Golem    Hex/Summ       23%        N/A       6%          3
 Call Canine Familiar     Summ           19%        N/A       9%          3
 Gell's Gravitas          Tloc           19%        N/A       9%          3
 Teleport Other           Tloc           19%        N/A       9%          3
 Airstrike                Air            14%        N/A       14%         4
 Summon Lightning Spire   Summ/Air       23%        N/A       21%         4
 Dispel Undead            Necr           19%        3d11      28%         4
 Simulacrum               Ice/Necr       33%        N/A       36%         6
 Silence                  Hex/Air        13%        N/A       38%         5
 Agony                    Necr           19%        N/A       61%         5
 Dispersal                Tloc           9%         N/A       99%         6


Dungeon Overview and Level Annotations

Branches:
Dungeon (9/15)             Temple (1/1) D:7            Lair (2/6) D:8
  Swamp (1/4) Lair:2       Spider (0/4) Lair:2
    Orc: D:9-12

Altars:
Ashenzari
Dithmenos
Elyvilon
Fedhas
Gozag
Hepliaklqana
Kikubaaqudgha
Makhleb
Nemelex Xobeh
Okawaru
Qazlal
Ru
Sif Muna
Trog
Uskayaw
Vehumet
Wu Jian
Xom
Yredelemnul
Zin
The Shining One

Shops:
D:3 [[[*   D:5 *

Annotations:
Lair:2 3 runed translucent doors, ASSMAN's ghost, journeyman VSFi


Innate Abilities, Weirdness & Mutations

You can breathe bolts of dispelling energy.
Your rich purple scales are hard. (AC +8)
You cannot fit into any form of body armour.
You are cold-blooded and may be slowed by cold attacks.
You possess an exceptional clarity of mind.
You are covered in fur. (AC +1)
You do not regenerate when monsters are visible.
Your muscles are strong. (Str +2)


Message History

The eleionoma is heavily wounded.
The eleionoma hurls a spray of splinters at you.
The spray of wooden splinters hits you but does no damage.
Casting: Freeze (safe; 1% risk of failure)
Confirm with . or Enter, or press ? or * to list all spells.
Aiming: Freeze (safe; 1% risk of failure)
Press: ? - help, Shift-Dir - straight line, f/p - eleionoma
Aim: an eleionoma (severely wounded, extremely poisoned)
You feel a surge of power!
You freeze the eleionoma!
The eleionoma is severely wounded.
The eleionoma touches a tree and draws upon its vitality.
The eleionoma is healed.
Casting: Freeze (safe; 1% risk of failure)
Confirm with . or Enter, or press ? or * to list all spells.
Aiming: Freeze (safe; 1% risk of failure)
Press: ? - help, Shift-Dir - straight line, f/p - eleionoma
Aim: an eleionoma (lightly wounded, extremely poisoned)
You feel a surge of power!
You freeze the eleionoma!
The eleionoma is moderately wounded.
The eleionoma hurls a spray of splinters at you.
The spray of wooden splinters misses you.
Casting: Freeze (safe; 1% risk of failure)
Confirm with . or Enter, or press ? or * to list all spells.
Aiming: Freeze (safe; 1% risk of failure)
Press: ? - help, Shift-Dir - straight line, f/p - eleionoma
Aim: an eleionoma (moderately wounded, extremely poisoned)
You feel a surge of power!
You freeze the eleionoma.
The eleionoma is moderately wounded.
The eleionoma hits you!
* * * LOW HITPOINT WARNING * * *
Casting: Freeze (safe; 1% risk of failure)
Confirm with . or Enter, or press ? or * to list all spells.
Aiming: Freeze (safe; 1% risk of failure)
Press: ? - help, Shift-Dir - straight line, f/p - eleionoma
Aim: an eleionoma (heavily wounded, extremely poisoned)
You feel a surge of power!
You freeze the eleionoma!
The eleionoma is heavily wounded.
The eleionoma hurls a spray of splinters at you.
The spray of wooden splinters hits you!!
You die...

... ..♣ ♣..♣ .≈.♣
♣♣≈.♣ ♣♣..♣ ♣§R♣
♣♣≈@♣ ♣♣♣..♣♣
♣♣...♣♣ ♣♣.♣≈♣♣ ♣♣♣
♣...♣♣ ♣♣♣♣♣♣♣.<
♣..♣♣♣ ♣.≈.....♣
♣♣>..♣♣♣ ♣≈≈....≈♣
♣♣....♣♣ ♣♣.≈..♣♣♣♣
♣♣...≈♣♣♣♣♣♣♣.≈.♣♣♣


You could see an eleionoma (extremely poisoned).

Vanquished Creatures
  A boulder beetle (D:7)
  2 two-headed ogres (D:8)
  An alligator (Swamp:1)
  The ghost of Clumpoid the Covered, a novice GnWn of Cheibriados (D:8)
  4 bog bodies (Lair:2)
  A wolf spider (Lair:2)
  6 elephants (Lair:2)
  3 black mambas (Lair:1)
  5 cane toads
  Maggie (D:9)
  3 komodo dragons
  2 trolls
  A wyvern (Lair:1)
  13 yaks
  Menkaure (D:5)
  2 swamp worms
  10 water moccasins
  5 black bears
  An ice beast (D:6)
  2 sky beasts
  An orc warrior (D:9)
  2 necrophages (D:7)
  11 wolves (Lair:2)
  3 ogres
  A centaur (D:6)
  2 phantoms
  A kobold brigand (D:8)
  Blork the orc (D:5)
  13 bullfrogs
  2 scorpions
  A water moccasin skeleton (D:5)
  A howler monkey (D:5)
  3 wights (D:9)
  An electric eel (Lair:2)
  A centaur zombie (D:7)
  4 jellies
  2 orc priests
  3 hounds
  A bullfrog zombie (D:5)
  A centaur skeleton (D:7)
  3 orc wizards
  3 iguanas
  2 howler monkey zombies (D:8)
  A gnoll (D:3)
  A howler monkey skeleton (D:7)
  2 adders
  2 shadow imps (D:6)
  A white imp (D:6)
  An ufetubus (D:6)
  2 adder skeletons (D:4)
  2 worms
  4 dart slugs
  18 orcs
  11 endoplasms
  7 giant cockroaches
  8 goblins
  9 hobgoblins
  2 jackals (D:2)
  5 quokkas
  6 ball pythons
  10 bats
  A frilled lizard (D:1)
  27 kobolds
  11 rats
259 creatures vanquished.

Vanquished Creatures (others)
  64 fungi
  55 plants
  7 toadstools (D:4)
126 creatures vanquished.

Grand Total: 385 creatures vanquished

Notes
Turn   | Place    | Note
-------+----------+-------------------------------------------
     0 | D:1      | dracfodder the Draconian Ice Elementalist began the quest
                  | for the Orb.
     0 | D:1      | Reached XP level 1. HP: 14/14 MP: 3/3
   145 | D:2      | Reached XP level 2. HP: 16/20 MP: 0/5
   881 | D:2      | Reached XP level 3. HP: 26/26 MP: 3/6
  1300 | D:3      | Found a faded altar of an unknown god.
  1305 | D:3      | Found a hazy altar of Hepliaklqana.
  1390 | D:3      | Found Ranint's Antique Armour Shop.
  1399 | D:3      | Found Muivuith's Armour Shoppe.
  1666 | D:2      | Found a faded altar of an unknown god.
  1674 | D:2      | Noticed a shining eye
  1676 | D:2      | Reached skill level 5 in Ice Magic
  1699 | D:2      | Noticed a shining eye
  1699 | D:2      | Noticed an eye of devastation
  1699 | D:2      | Noticed an eye of devastation
  1816 | D:2      | Reached XP level 4. HP: 24/33 MP: 6/8
  2071 | D:3      | Learned a level 3 spell: Frozen Ramparts
  2075 | D:3      | Learned a level 3 spell: Ozocubu's Armour
  2201 | D:3      | Found Iprul's Antique Armour Emporium.
  2204 | D:3      | Found a sparkling altar of Nemelex Xobeh.
  2251 | D:3      | Reached skill level 3 in Spellcasting
  2369 | D:3      | Found Wantadgh's Assorted Antiques.
  2377 | D:3      | Bought a scroll labelled WETURA ZICWIO for 31 gold pieces
  2505 | D:3      | Found an iron altar of Okawaru.
  2862 | D:4      | Reached XP level 5. HP: 25/38 MP: 7/10
  3107 | D:4      | Noticed a black bear
  3117 | D:4      | Killed a black bear
  3118 | D:4      | Reached skill level 4 in Spellcasting
  3118 | D:4      | Found a burning altar of Makhleb.
  3256 | D:4      | Learned a level 4 spell: Hailstorm
  3274 | D:4      | Reached XP level 6. HP: 42/45 MP: 10/12
  3902 | D:4      | Reached skill level 5 in Spellcasting
  4079 | D:4      | Found a blossoming altar of Fedhas.
  4277 | D:4      | Your scales start taking on a rich purple colour.
  4277 | D:4      | Reached skill level 6 in Spellcasting
  4277 | D:4      | Reached XP level 7. HP: 43/51 MP: 11/16
  4573 | D:4      | Reached skill level 1 in Fighting
  4578 | D:5      | Entered Level 5 of the Dungeon
  4889 | D:5      | Found an ancient bone altar of Kikubaaqudgha.
  4957 | D:5      | Reached skill level 7 in Spellcasting
  5037 | D:5      | Reached skill level 1 in Short Blades
  5182 | D:5      | Found an ornate altar of the Wu Jian Council.
  5334 | D:5      | Found a glowing drain.
  5416 | D:5      | Reached XP level 8. HP: 58/59 MP: 15/19
  5966 | D:6      | Reached skill level 8 in Spellcasting
  6503 | D:5      | Found a hide-covered altar of Uskayaw.
  6561 | D:5      | Noticed Blork the orc
  6575 | D:5      | Killed Blork the orc
  6608 | D:5      | Learned a level 7 spell: Ozocubu's Refrigeration
  6612 | D:5      | Learned a level 3 spell: Dazzling Flash
  6612 | D:5      | Noticed Menkaure
  6624 | D:5      | Killed Menkaure
  6876 | D:5      | Found Qiotup's Assorted Antiques.
  6882 | D:5      | Noticed a +0 hand axe
  6883 | D:5      | Noticed a +0 hand axe
  6889 | D:5      | Bought a scroll labelled IGEFIS SACOUHO for 22 gold pieces
  7005 | D:3      | Bought an embroidered cloak for 195 gold pieces
  7204 | D:5      | Learned a level 2 spell: Static Discharge
  7494 | D:6      | Reached XP level 9. HP: 68/68 MP: 12/21
  8004 | D:7      | Noticed a boulder beetle
  8328 | D:7      | Reached skill level 9 in Spellcasting
  8982 | D:7      | Identified the ring "Riotasto" {Fly rC+ Int+6 Stlth+}
  9195 | D:7      | Found a staircase to the Ecumenical Temple.
  9204 | Temple   | Entered the Ecumenical Temple
  9516 | D:8      | Noticed a two-headed ogre
  9528 | D:8      | Killed a two-headed ogre
  9529 | D:8      | Reached skill level 1 in Conjurations
  9748 | D:8      | Found a staircase to the Lair.
  9765 | D:8      | Reached skill level 10 in Spellcasting
  9993 | D:8      | Noticed a two-headed ogre
 10000 | D:8      | Killed a two-headed ogre
 10001 | D:8      | Reached XP level 10. HP: 77/77 MP: 10/24
 10174 | D:8      | Found a basalt altar of Yredelemnul.
 10181 | D:8      | Reached skill level 11 in Spellcasting
 10507 | D:8      | Noticed Clumpoid's ghost (novice GnWn)
 10510 | D:8      | Found a runed translucent door.
 10801 | D:8      | Found a shimmering blue altar of Sif Muna.
 10805 | D:8      | Found a glowing silver altar of Zin.
 10947 | D:7      | Gained mutation: You do not regenerate when monsters are
                  | visible. [potion of mutation]
 10947 | D:7      | Gained mutation: Your muscles are strong. (Str +2) [potion
                  | of mutation]
 10947 | D:7      | Gained mutation: You have hidden genetic potential. [potion
                  | of mutation]
 11231 | D:8      | Learned a level 4 spell: Sticky Flame
 11322 | D:7      | Killed a boulder beetle
 11660 | D:7      | Reached skill level 1 in Fire Magic
 12257 | D:8      | Killed Clumpoid's ghost
 12258 | D:8      | Reached skill level 1 in Air Magic
 12902 | D:9      | Noticed Maggie
 12957 | D:9      | Reached skill level 12 in Spellcasting
 13292 | D:9      | Killed Maggie
 13293 | D:9      | Reached skill level 10 in Ice Magic
 13987 | Lair:1   | Entered Level 1 of the Lair of Beasts
 13992 | Lair:1   | Noticed a black mamba
 14003 | Lair:1   | Killed a black mamba
 14004 | Lair:1   | Reached XP level 11. HP: 82/82 MP: 18/27
 14294 | Lair:1   | Gained mutation: You are covered in fur. (AC +1) [hidden
                  | potential]
 14494 | Lair:1   | Reached skill level 1 in Hexes
 14500 | Lair:1   | Reached skill level 13 in Spellcasting
 15943 | Lair:2   | Noticed a bog body
 15958 | Lair:2   | Killed a bog body
 16074 | Lair:2   | Noticed a bog body
 16164 | Lair:2   | Reached skill level 14 in Spellcasting
 16196 | Lair:2   | Reached skill level 1 in Throwing
 16642 | Lair:2   | Found a runed translucent gate.
 16644 | Lair:2   | Found a runed translucent gate.
 16647 | Lair:2   | Noticed ASSMAN's ghost (journeyman VSFi)
 16648 | Lair:2   | Found a runed translucent gate.
 16651 | Lair:2   | Found a hole to the Spider Nest.
 16651 | Lair:2   | Noticed a wolf spider
 16663 | Lair:2   | Killed a wolf spider
 16692 | Lair:2   | Reached XP level 12. HP: 85/91 MP: 22/30
 16698 | Lair:2   | Learned a level 5 spell: Lightning Bolt
 16698 | Lair:2   | Upgraded the game from 0.28-a0-1382-g92835e5c71 to
                  | 0.28-a0-1395-g4f6bc678fa
 17030 | Temple   | Became a worshipper of Vehumet
 17320 | Lair:2   | Gained mutation: You possess an exceptional clarity of
                  | mind. [hidden potential]
 17320 | Lair:2   | Lost mutation: You have hidden genetic potential. [hidden
                  | potential expressed]
 18017 | Lair:2   | Learned a level 5 spell: Metabolic Englaciation
 18033 | Lair:2   | Found a staircase to the Swamp.
 18065 | Lair:2   | Reached skill level 5 in Conjurations
 18410 | Swamp:1  | Entered Level 1 of the Swamp
 18410 | Swamp:1  | Noticed an alligator
 18415 | Swamp:1  | Killed an alligator
 18623 | Swamp:1  | Noticed an eleionoma
 18657 | Swamp:1  | Killed from afar by an eleionoma

Illustrated notes

Levels and vault maps discovered:
D:1:      minmay_arrival_semitransparent, layout_rooms
D:2:      layout_loops_ring, hellmonk_ecumenical_altar_watching_god,
          minmay_tromino_v2
D:3:      layout_loops_ring, okawaru_altar_gauntlet_db,
          nicolae_overflow_ecumenical_swirl, mainiacjoe_overflow_tiny_flanked,
          serial_shops, shop, nicolae_shop_window_shopping, nicolae_shop_stone,
          nicolae_shop_advertising_works [nicolae_subvault_shop_adworks]
D:4:      cheibrodos_fertilizer, layout_cave_pods, general_overflow_altar,
          amcnicky_altar_gilded
D:5:      layout_basic, kennysheep_little_box, mainiacjoe_overflow_24_doors,
          dancing_weapons_uskayaw, portal_sewer_entry_b, serial_shops,
          nicolae_shop_window_shopping, kennysheep_generic_room_12,
          uniq_blork_the_orc, uniq_menkaure
D:6:      layout_gridville, lightli_ossuary_entry_decrepit_ruins
D:7:      layout_cave_pods, minmay_temple_entry_slanted, serial_glass,
          glass_columns_b, glass_columns_a, glass_columns_c, glass_columns_a,
          glass_columns_c, glass_columns_c, glass_columns_a, glass_columns_a,
          glass_columns_c, glass_columns_c, glass_columns_a, glass_columns_c,
          glass_columns_a, glass_columns_b
D:8:      layout_basic, mainiacjoe_overflow_brackets, zin_treasury,
          nicolae_overflow_crystal_walls, due_lair_maze_entry_diamond,
          hellmonk_ghost_happy_afterlife
D:9:      layout_irregular_city, uniq_maggie
Temple:   dpeg_chambers_temple
Lair:1:   layout_regular_city
Lair:2:   layout_loops_ring, nicolae_swamp_entry_splash_gauntlet,
          spider_nest_entry_rubble, gammafunk_ghost_split, grunt_megastairs_2
Swamp:1:  layout_falls_marsh, nicolae_swamp_small_spring, swamp_pool1,
          nicolae_swamp_big_swirl

Skill      XL: |  1  2  3  4  5  6  7  8  9 10 11 12 |
---------------+-------------------------------------+-----
Ice Magic      | 5 6 8 9 10 11 | 11.9
Spellcasting   | 3 4 6 7 8 10 12 14 | 14.9
Dodging        | 2 3 4 |  4.7
Stealth        | 2 3 |  3.5
Fighting       | 1 2 3 |  3.9
Short Blades   | 1 2 3 4 |  4.4
Conjurations   | 1 3 4 5 |  5.0
Fire Magic     | 1 |  1.8
Air Magic      | 1 |  1.6
Hexes          | 1 |  1.3
Throwing       | 1 |  1.6
Evocations     | |  0.2

Action                   |  1- 3 |  4- 6 |  7- 9 | 10-12 || total
-------------------------+-------+-------+-------+-------++-------
Melee: Short sword       |     9 |       |       |       ||     9
       Dagger            |       |    48 |   219 |   158 ||   425
       Tailslap          |       |     6 |    17 |    24 ||    47
Throw: Stone             |     9 |     2 |     2 |       ||    13
       Dart              |       |     2 |     7 |       ||     9
       Boomerang         |       |       |     1 |    13 ||    14
 Cast: Freeze            |    79 |    48 |    35 |    34 ||   196
       Frozen Ramparts   |       |     8 |    22 |    28 ||    58
       Ozocubu's Armour  |       |     1 |     5 |    12 ||    18
       Static Discharge  |       |       |     7 |    21 ||    28
       Hailstorm         |       |       |    17 |    64 ||    81
       Dazzling Flash    |       |       |     1 |    12 ||    13
       Sticky Flame      |       |       |       |    11 ||    11
       Metabolic Englaci |       |       |       |     4 ||     4
 Abil: Breathe Dispellin |       |       |     1 |     5 ||     6
Evoke: Wand              |       |       |       |     3 ||     3
  Use: Scroll            |     5 |     4 |     3 |     6 ||    18
       Potion            |       |       |     8 |     2 ||    10
 Stab: Sleeping          |       |     2 |       |     1 ||     3
       Invisible         |       |       |       |     1 ||     1
Armor: Skin              |    20 |    19 |    91 |   110 ||   240
Dodge: Dodged            |    38 |    55 |   159 |   150 ||   402

Table legend: (Time is in decaauts)
 A = Elapsed time spent in this place.
 B = Non-inter-level travel time spent in this place.
 C = Inter-level travel time spent in this place.
 D = Time resting spent in this place.
 E = Time spent auto-exploring this place.
 F = Levels seen in this place.
 G = Mean time per level.
                   A        B        C        D        E       F      G
               +--------+--------+--------+--------+--------+-----+--------+
         Total |  18614 |  17646 |    968 |   6266 |   7146 |  13 | 1431.8 |
       Dungeon |  13778 |  12950 |    828 |   3865 |   5723 |   9 | 1530.9 |
        Temple |    298 |    256 |     42 |      0 |    195 |   1 |  298.0 |
          Lair |   4297 |   4200 |     97 |   2231 |   1218 |   2 | 2148.5 |
         Swamp |    240 |    240 |      0 |    170 |     10 |   1 |  240.0 |
               +--------+--------+--------+--------+--------+-----+--------+

Top non-repeatable levels by time:
     D:8: 2629 daAuts
  Lair:2: 2314 daAuts
     D:4: 2160 daAuts
     D:6: 2134 daAuts
  Lair:1: 1983 daAuts
     D:7: 1586 daAuts
     D:5: 1443 daAuts
     D:9: 1009 daAuts
     D:3: 1001 daAuts
     D:2: 966 daAuts
     D:1: 848 daAuts
  Temple: 298 daAuts
 Swamp:1: 240 daAuts
